 Dungeon Crawl Stone Soup version 0.31-a0-1002-g8e65716e6e (webtiles) character file.

Game seed: 12938874750872819594

98395 kae the Jinx (level 15, -6/115 HPs)
             Began as a Demonspawn Enchanter on Nov 9, 2023.
             Was the Champion of Dithmenos.
             Mangled by a rakshasa
             ... wielding a +0 long sword
              (7 damage)
             ... while petrified by a basilisk
             ... on level 15 of the Dungeon.
             The game lasted 00:30:50 (26288 turns).

kae the Jinx (Demonspawn Enchanter)                Turns: 26288, Time: 00:30:51

Health: -6/115     AC: 15    Str: 11      XL:     15   Next: 74%
Magic:  0/23       EV:  2    Int: 16 (20) God:    Dithmenos [******]
Gold:   2138       SH:  0    Dex: 15      Spells: 3/24 levels left

rFire   . . .        T - +8 Vampire's Tooth {megavamp}
rCold   + . .        r - +3 buckler
rNeg    + + +        Y - +2 acid dragon scales
rPois   ∞            L - +2 helmet
rElec   .            D - scarf {repulsion}
rCorr   +            (no gloves)
SInv    .            w - +2 pair of slick slippers {slick, slippery, EV+4}
Will    +....        G - amulet of guardian spirit
Stlth   ++           C - ring of protection from cold
HPRegen 0.39/turn    E - +5 ring of evasion
MPRegen 0.18/turn

%: repel missiles, guardian spirit
@: confused, lethally poisoned (-6 -> -6), petrified, afraid, wreathed by umbra
A: claws 2, foul stench 3, sharp scales 2, demonic magic 1
a: Renounce Religion, Shadow Step, Shadow Form


You were on level 15 of the Dungeon.
You worshipped Dithmenos.
Dithmenos was exalted by your worship.
You visited 4 branches of the dungeon, and saw 23 of its levels.
You also visited: Bailey and Ice Cave.

You collected 2830 gold pieces.
You spent 692 gold pieces at shops.


Innate Abilities, Weirdness & Mutations

You have very sharp fingernails.
You frequently emit foul miasma when damaged in melee.
You are mostly covered in razor-sharp scales. (AC +2, Slay +2)
Spells you cast may paralyse adjacent enemies.


   Skills:
 + Level 10.2 Fighting
 * Level 13.4 Short Blades
 + Level 9.5 Dodging
 + Level 10.6 Stealth
 - Level 3.0 Shields
 - Level 5.0 Spellcasting
 * Level 14.6 Hexes
 - Level 3.0 Ice Magic
 + Level 11.3 Invocations


You had 3 spell levels left.
You knew the following spells:

 Your Spells              Type           Power      Damage    Failure   Level
a - Ensorcelled Hibernat  Hex/Ice        64%        N/A       1%          2
b - Confusing Touch       Hex            50%        N/A       1%          3
c - Tukima's Dance        Hex            50%        N/A       1%          3
d - Dazzling Flash        Conj/Hex       54%        N/A       4%          3
e - Slow                  Hex            100%       N/A       1%          1
f - Jinxbite              Hex            100%       N/A       1%          2
g - Sigil of Binding      Hex            50%        N/A       1%          3
h - Anguish               Hex/Necr       13%        N/A       17%         4

Your spell library contained the following spells:

 Spells                   Type           Power      Damage    Failure   Level
 Inner Flame              Hex/Fire       27%        N/A       4%          3
 Summon Guardian Golem    Hex/Summ       27%        N/A       4%          3
 Sandblast                Erth           8%         2d5       32%         1
 Shock                    Conj/Air       16%        1d4       32%         1
 Summon Small Mammal      Summ           16%        N/A       32%         1
 Passwall                 Tmut/Erth      3%         N/A       45%         2
 Wereblood                Tmut           4%         N/A       45%         2
 Call Canine Familiar     Summ           4%         N/A       69%         3
 Stone Arrow              Conj/Erth      8%         3d7       69%         3
 Vampiric Draining        Necr           4%         2d6       69%         3
 Dimensional Bullseye     Hex/Tloc       13%        N/A       17%         4
 Brom's Barrelling Bould  Conj/Erth      4%         2d3       97%         4
 Flame Wave               Conj/Fire      4%         2d5       97%         4
 Iskenderun's Mystic Bla  Conj/Tloc      4%         2d3       97%         4
 Sticky Flame             Conj/Fire      4%         2d3       97%         4
 Irradiate                Conj/Tmut      2%         3d12      100%        5
 Chain Lightning          Conj/Air       2%         3d2       100%        9

Inventory:

Hand Weapons
 a - a +4 vampiric dagger
   (You took it off a kobold on level 4 of the Dungeon)
 b - a +2 dagger of draining
   (You took it off a goblin on level 2 of the Dungeon)
 f - a +1 dagger
 T - the +8 Vampire's Tooth (weapon) {megavamp}
   (You acquired it in a bailey)
Armour
 k - a +1 robe
 p - a +0 cloak
   (You found it on level 4 of the Dungeon)
 r - a +3 buckler (worn)
   (You found it on level 3 of the Dungeon)
 w - the +2 pair of slick slippers (worn) {slick, slippery, EV+4}
   (You acquired it on level 4 of the Dungeon)

   Slick:     Its wearer cannot be constricted, engulfed, netted or webbed.
   Slippery:  Its wearer slips away from damaging melee attacks, pulling the
   attacker onward.
   EV+4:      It affects your evasion (+4).
 D - a scarf of repulsion (worn)
   (You found it on level 7 of the Dungeon)
 H - the +3 pair of gloves of Dim Light {-Cast Regen+ Dex+3}
   (You bought it in a shop on level 7 of the Dungeon)

   Dex+3:     It affects your dexterity (+3).
   -Cast:     It prevents spellcasting.
   Regen+:    It increases your rate of health regeneration.
 L - a +2 helmet (worn)
   (You bought it in a shop on level 7 of the Dungeon)
 Y - +2 acid dragon scales (worn)
   (You found it on level 11 of the Dungeon)
Magical Staves
 d - a staff of cold {!a}
   (You took it off Fannar on level 1 of the Lair of Beasts)
 j - a staff of conjuration {!a}
   (You found it on level 2 of the Dungeon)
 N - a staff of cold {!a}
   (You found it on level 8 of the Dungeon)
Jewellery
 v - a ring of see invisible
   (You found it on level 14 of the Dungeon)
 C - a ring of protection from cold (left claw)
   (You found it on level 2 of the Dungeon)
 E - a +5 ring of evasion (right claw)
   (You found it on level 8 of the Dungeon)
 F - a ring of protection from fire
   (You found it on level 2 of the Lair of Beasts)
 G - an amulet of guardian spirit (around neck)
   (You found it on level 1 of the Lair of Beasts)
 I - a +6 ring of intelligence
   (You found it on level 4 of the Dungeon)
 S - a +6 ring of strength
   (You found it on level 11 of the Dungeon)
 X - a ring of willpower
   (You found it on level 3 of the Lair of Beasts)
 Z - a ring of wizardry
   (You found it on level 3 of the Dungeon)
Wands
 c - a wand of charming (11)
   (You found it on level 7 of the Dungeon)
 s - a wand of flame (41)
   (You found it on level 5 of the Dungeon)
 B - a wand of light (31)
   (You found it on level 7 of the Dungeon)
 J - a wand of mindburst (26)
   (You found it on level 7 of the Dungeon)
 V - a wand of iceblast (15)
   (You found it on level 11 of the Dungeon)
Scrolls
 i - 3 scrolls of blinking {!r}
 o - 3 scrolls of immolation {!r!r}
 u - 8 scrolls of teleportation {@r4}
 y - a scroll of revelation
 K - a scroll of fog
 M - 4 scrolls of enchant weapon
 Q - 3 scrolls of fear
 U - a scroll of silence {unknown}
Potions
 e - 6 potions of brilliance
 g - 2 potions of enlightenment
 h - 10 potions of curing {@q1}
 l - a potion of berserk rage {!q}
 m - 8 potions of mutation {!q}
 n - 5 potions of lignification {!q}
 q - 2 potions of attraction {!q}
 t - a potion of ambrosia
 x - 5 potions of heal wounds {@q2}
 z - 4 potions of might
 A - 3 potions of magic
 O - 6 potions of haste {@q3}
 P - 3 potions of cancellation
 R - a potion of invisibility
Miscellaneous
 W - a phial of floods
   (You found it on level 5 of the Lair of Beasts)

Dungeon Overview and Level Annotations

Branches:
Dungeon (15/15) Zot: 26506  Temple (1/1) D:6 Zot: 5645    Lair (5/5) D:9 Zot: 23829
  Swamp (0/4) Lair:3       Spider (0/4) Lair:2        Slime (0/5) Lair:5
    Orc (2/2) D:10 Zot: 9901     Elf (0/3) Orc:2        Vaults (0/5) D:13
 Depths (0/4) D:15         Bailey (visited)           IceCv (visited)

Altars:
Ashenzari
Cheibriados
Dithmenos
Fedhas
Gozag
Hepliaklqana
Kikubaaqudgha
Makhleb
Nemelex Xobeh
Okawaru
Qazlal
Ru
Sif Muna
Trog
Uskayaw
Vehumet
Wu Jian
Xom
Yredelemnul
Jiyva

Shops:
D:7 [*[:*   D:8 (   Orc:1 ?   Orc:2 (*?!=*?(

Portals:
Abyss: Orc:1

Annotations:
D:2 1 runed translucent door, Crazy Yiuf
D:8 2 transporters
D:11 1 runed translucent door
D:12 1 transporter, othur's ghost, journeyman GrFi
D:13 1 runed translucent door, DEFE's ghost, journeyman DsWn
Lair:5 1 runed translucent door
Orc:1 2 transporters, morax's ghost, journeyman MiFi

##.###'###..........
...###.###...#####.# .
..##...##...# #.#
...#.....#...#####.#
####.....#..........
## ##...##...#####.#
##.# ##.###...# #....
#tRs###..###..###.#.#
##okR@###...#.........
#>.osGl.##..#..###.#.#
##...G#.##.##..# #.#.#
#...##.....#..# #.#.#
##.# #..#.##..###.#.#
## ######..........
............
.#.......#.#
.........#..


You could see 2 rakshasas, a snapping turtle shaped shifter (summoned), a wind
drake shaped shifter (repels missiles), 2 glowing orange brains, a basilisk
(summoned, anguished), a tarantella shaped shifter (summoned), 2 orc warriors
and a redback shaped shifter (summoned, very poisoned).


Message History

You take 3 damage, and now have 52/115 hp.
Unknown command.
You bump into the crystal wall.
The rakshasa is no longer blind.
The water nymph changes into a faun!
The queen bee stings you but does no damage.
The orc warrior hits you from afar with a +0 trident!
* * * LOW HITPOINT WARNING * * *
The orc warrior is wracked by anguish.
The basilisk bites you!
* * * LOW HITPOINT WARNING * * *
The basilisk is wracked by anguish!
The orc misses you.
The rakshasa hits you with a +0 long sword.
* * * LOW HITPOINT WARNING * * *
😨 HP[-13] MP[-4]
You take 13 damage, and now have 39/115 hp.
You lost 4 mp, and now have 6/23 mp.
Unknown command.
You barely miss the rakshasa. You closely miss the rakshasa.
The jumping spider changes into a wind drake!
The queen bee misses you.
Unknown command.
You bump into the crystal wall.
The queen bee changes into a tarantella!
The orc warrior completely misses you. The orc closely misses you.
The basilisk completely misses you. The rakshasa closely misses you.
The faun barely misses you.
The wind drake begins repelling missiles!
Unknown command.
You puncture the rakshasa! You barely miss the rakshasa.
The faun changes into a redback!
The orc warrior barely misses you. The orc misses you.
The basilisk gazes at you.
You are slowing down.
The rakshasa hits you with a +0 long sword!!
* * * LOW HITPOINT WARNING * * *
The glowing orange brain pulsates.
You feel dopey. Something feeds on your intellect!
The glowing orange brain pulsates.
Something tries to feed on your intellect! 😱 HP[-11] MP[-2]
You take 11 damage, and now have 28/115 hp.
You lost 2 mp, and now have 4/23 mp.
You bump into the crystal wall.
The tarantella touches you!
* * * LOW HITPOINT WARNING * * *
The redback misses you. The tarantella closely misses you.
The orc warrior barely misses you. The basilisk misses you.
The orc hits you with a +0 whip.
* * * LOW HITPOINT WARNING * * *
The rakshasa weaves an illusion.
The wind drake shimmers and seems to become two!
The tarantella barely misses you. The redback bites you.
* * * LOW HITPOINT WARNING * * *
You are lethally poisoned!
The redback poisons you!
You emit a cloud of foul miasma!
Your limbs are stiffening. 😱 HP[-11]
You take 11 damage, and now have 17/115 hp.
You hit the rakshasa. x2
* * * LOW HITPOINT WARNING * * *
You feel very sick.
The wind drake changes into a lindwurm!
The orc warrior misses you. The basilisk completely misses you.
The orc barely misses you.
The rakshasa hits you with a +0 long sword!
* * * LOW HITPOINT WARNING * * *
You emit a cloud of foul miasma!
The tarantella closely misses you.
The redback is engulfed in dark miasma.
The redback is poisoned.
The redback seems to slow down.
The redback barely misses you. 😱 HP[-7] MP[-1]
You take 7 damage, and now have 10/115 hp.
You lost 1 mp, and now have 3/23 mp.
Unknown command.
You puncture the orc!
You kill the orc!
The orc's corpse dissolves into shadows!
You feel less confused.
* * * LOW HITPOINT WARNING * * *
You feel very sick.
The redback is no longer moving slowly.
The lindwurm changes into a snapping turtle!
The tarantella completely misses you. You block the orc warrior's attack.
You block the basilisk's attack.
The glowing orange brain pulsates.
The glowing orange brain radiates an aura of fear!
You are terrified of the glowing orange brain!
The rakshasa misses you.
The redback is engulfed in dark miasma.
The redback looks even sicker.
The redback bites you.
* * * LOW HITPOINT WARNING * * *
You have turned to stone.
The tarantella completely misses you.
The redback is engulfed in dark miasma.
The redback looks even sicker.
The redback bites you but does no damage.
The orc warrior hits you from afar with a +0 trident!
* * * LOW HITPOINT WARNING * * *
The orc warrior is wracked by anguish.
The basilisk bites you!
* * * LOW HITPOINT WARNING * * *
The basilisk is wracked by anguish.
The glowing orange brain pulsates.
You are confused.
The rakshasa hits you with a +0 long sword!
You die...

Skill      XL: |  1  2  3  4  5  6  7  8  9 10 11 12 13 14 15 |
---------------+----------------------------------------------+-----
Short Blades   | 1 2 3 4 5 6 8 9 10 11 12 13 | 13.4
Stealth        | 3 4 5 6 7 8 9 10 | 10.6
Ice Magic      | 1 2 3 |  3.0
Hexes          | 4 5 6 7 9 10 11 12 13 14 | 14.6
Dodging        | 2 3 4 5 6 7 8 9 |  9.5
Fighting       | 1 3 4 5 6 7 8 9 10 | 10.2
Shields        | 1 2 3 |  3.0
Spellcasting   | 3 5 |  5.0
Invocations    | 3 5 7 9 10 11 | 11.3

Action                     |  1- 3 |  4- 6 |  7- 9 | 10-12 | 13-15 || total
---------------------------+-------+-------+-------+-------+-------++-------
  Melee: Dagger            |   120 |   210 |   200 |   386 |       ||   916
         Punch             |     3 |       |       |       |       ||     3
         Unarmed           |       |       |       |    11 |       ||    11
         Quick blade       |       |       |       |   761 |  2935 ||  3696
   Cast: Ensorcelled Hiber |    12 |     9 |    43 |    73 |    49 ||   186
         Confusing Touch   |     1 |     5 |    17 |    14 |     9 ||    46
         Dazzling Flash    |       |       |       |       |     7 ||     7
         Anguish           |       |       |       |       |     2 ||     2
         Jinxbite          |       |       |       |       |     2 ||     2
         Sigil of Binding  |       |       |       |       |     1 ||     1
 Invoke: Shadow Form       |       |       |       |       |     2 ||     2
  Evoke: Wand              |       |       |     1 |     1 |       ||     2
    Use: Scroll            |     3 |    11 |     2 |    12 |     8 ||    36
         Potion            |       |       |     1 |     1 |     1 ||     3
   Stab: Sleeping          |    13 |     7 |    27 |    79 |    46 ||   172
         Confused          |     1 |     2 |    14 |    19 |     9 ||    45
         Invisible         |       |       |       |     9 |    39 ||    48
         Held in net/web   |       |       |       |     1 |       ||     1
         Distracted        |       |       |       |     1 |     7 ||     8
         Paralysed         |       |       |       |       |    17 ||    17
 Armour: Robe              |    58 |   112 |   104 |   136 |       ||   410
         Acid dragon scale |       |       |       |    92 |   573 ||   665
  Dodge: Dodged            |    52 |   130 |   142 |   664 |  1441 ||  2429
         Repelled          |       |       |       |     5 |    24 ||    29
  Block: Buckler           |       |    19 |    37 |   197 |   546 ||   799

Levels and vault maps discovered:
D:1:      dpeg_arrival_pits, layout_loops_ring
D:2:      layout_loops_corners, hellmonk_ecumenical_altar_lost_god,
          uniq_crazy_yiuf_cottage
D:3:      layout_loops_ring, nzn_overflow_gifts_of_might_and_magic,
          corexii_hall_statues_l
D:4:      layout_basic
D:5:      layout_rooms, mainiacjoe_overflow_alcove_2
D:6:      layout_rooms, minmay_temple_entry_junction_2, grunt_ministairs_7,
          kennysheep_generic_room_14, uniq_pikel
D:7:      layout_basic, grunt_temple_overflow_champion_of_chaos, serial_shops,
          shop, nicolae_shop_overgrown_old_shop, shop, shop, shop,
          nicolae_sextant
D:8:      layout_cave_pods, gammafunk_temple_overflow_arena, serial_glass,
          glass_columns_a, glass_columns_a, serial_shops,
          nicolae_lakefront_shop, due_unseen_surprise
D:9:      layout_small_grid, chequers_temple_overflow_minitemple,
          dpeg_oklobed_lair, kennysheep_generic_room_10
D:10:     layout_cross, erik_orc_1, enter_bailey_5
D:11:     layout_basic, nicolae_danse_macabre
D:12:     layout_loops_corners, gammafunk_ghost_mausoleum,
          gauntlet_entry_generic, uniq_nergalle, uniq_psyche, uniq_frances
D:13:     layout_loops_ring, hangedman_vaults_entry_quadrant_bands,
          ebering_ghost_inner_flame
D:14:     layout_roguey, nicolae_kite_square_tiling_tiny, zin_scriptorium
D:15:     gammafunk_enter_depths_forms, layout_basic, bloody_makhleb
Temple:   grunt_temple_mini_profane
Lair:1:   layout_cave_pods, beast_lair_carwin_8, uniq_fannar
Lair:2:   layout_chaotic_city, hellmonk_spider_entry_not_the_bees,
          serial_rivers, chequers_serial_rivers_large_a,
          chequers_serial_rivers_micro_e, chequers_serial_rivers_micro_e,
          chequers_serial_rivers_marsh, chequers_serial_rivers_micro_b
Lair:3:   layout_layer_cave, alex1729_swamp_entry_worm_eleionoma, serial_forest,
          infiniplex_forest_corner_2, infiniplex_forest_lined_room_2,
          infiniplex_forest_lined_room_, infiniplex_forest_clump_cross,
          infiniplex_forest_lined_corner, infiniplex_forest_lined_ring
Lair:4:   layout_regular_city, beast_lair_carwin_4, grunt_megastairs_3
Lair:5:   wormcave, layout_small_grid, guppyfry_lair_end_dragon,
          nicolae_slime_entry_slimehenge, minmay_lair_drake_nest,
          lemuel_fruit_fields, uniq_snorg
Orc:1:    layout_diamond_mine, gammafunk_ghost_abyssal_escape, serial_shops,
          shop, portal_ice_cave_entry_imps, uniq_josephine
Orc:2:    st_orc_ogre_mass, layout_caves, serial_shops, shop_fountains,
          guppyfry_orc_lava_fort

Notes
Turn   | Place    | Note
-------+----------+-------------------------------------------
     0 | D:1      | kae the Demonspawn Enchanter began the quest for the Orb.
     0 | D:1      | Reached XP level 1. HP: 13/13 MP: 3/3
     0 | D:1      | magus.rc [v1.11.3]
    18 | D:1      | Reached skill level 1 in Short Blades
   215 | D:1      | Gained mutation: You may rarely emit foul miasma when
                  | damaged in melee. [demonic ancestry]
   215 | D:1      | Reached XP level 2. HP: 6/19 MP: 5/5
   218 | D:1      | Learned a level 2 spell: Ensorcelled Hibernation
  1126 | D:2      | Reached XP level 3. HP: 24/24 MP: 6/6
  1149 | D:2      | Learned a level 3 spell: Confusing Touch
  1254 | D:2      | Reached skill level 3 in Stealth
  1400 | D:2      | Found a faded altar of an unknown god.
  1600 | D:2      | Found a runed translucent door.
  1601 | D:2      | Noticed Crazy Yiuf
  1929 | D:3      | Identified the "Orchaisk"
  1944 | D:3      | Reached skill level 1 in Ice Magic
  2011 | D:3      | Found a shimmering blue altar of Sif Muna.
  2058 | D:3      | HP: 5/23 [gnoll/+2 falchion (8)]
  2061 | D:3      | Reached skill level 2 in Short Blades
  2186 | D:3      | Gained mutation: You are partially covered in razor-sharp
                  | scales. (AC +1, Slay +1) [demonic ancestry]
  2186 | D:3      | Reached XP level 4. HP: 25/30 MP: 2/7
  2449 | D:3      | Found a bloodstained altar of Trog.
  2813 | D:3      | You pick up a book of Geomancy and begin reading...
  2813 | D:3      | You add the spells Sandblast, Passwall, Stone Arrow and
                  | Brom's Barrelling Boulder to your library.
  3029 | D:4      | Noticed a phantom
  3041 | D:4      | Killed a phantom
  3042 | D:4      | Reached skill level 4 in Hexes
  3042 | D:4      | Reached skill level 2 in Ice Magic
  3042 | D:4      | Gained mutation: You are mostly covered in razor-sharp
                  | scales. (AC +2, Slay +2) [demonic ancestry]
  3042 | D:4      | Reached XP level 5. HP: 23/35 MP: 2/8
  3129 | D:4      | Reached skill level 3 in Short Blades
  3415 | D:4      | Gained mutation: You have sharp fingernails. [demonic
                  | ancestry]
  3415 | D:4      | Reached XP level 6. HP: 41/41 MP: 9/9
  3946 | D:4      | Reached skill level 2 in Dodging
  4069 | D:4      | Identified a scroll of acquirement
  4069 | D:4      | Identified the of Qutair Vokk (You acquired it on level 4
                  | of the Dungeon)
  4069 | D:4      | Acquired the +2 pair of slick slippers {slick, slippery,
                  | EV+4}
  4069 | D:4      | Found the +2 pair of slick slippers {slick, slippery, EV+4}
  4098 | D:5      | Entered Level 5 of the Dungeon
  4139 | D:4      | Reached skill level 1 in Fighting
  4216 | D:4      | Reached XP level 7. HP: 43/48 MP: 5/10
  4264 | D:4      | Reached skill level 3 in Ice Magic
  4325 | D:4      | Reached skill level 5 in Hexes
  4334 | D:5      | Reached skill level 1 in Shields
  4344 | D:5      | Reached skill level 4 in Stealth
  4406 | D:5      | Reached skill level 4 in Short Blades
  4670 | D:5      | Found a sacrificial altar of Ru.
  4823 | D:6      | Found a staircase to the Ecumenical Temple.
  4865 | D:6      | Reached XP level 8. HP: 56/56 MP: 8/12
  4883 | D:6      | Reached skill level 2 in Fighting
  5009 | D:6      | Reached skill level 3 in Spellcasting
  5022 | Temple   | Entered the Ecumenical Temple
  5139 | Temple   | Became a worshipper of Dithmenos the Shadowed
  5248 | D:6      | Noticed Pikel
  5270 | Temple   | HP: 12/55 [Pikel/+2 whip of flaming (2)]
  5275 | Temple   | Killed Pikel
  5276 | Temple   | Reached skill level 3 in Fighting
  5276 | Temple   | Reached skill level 5 in Short Blades
  5276 | Temple   | Reached skill level 3 in Dodging
  5276 | Temple   | Reached skill level 2 in Shields
  5276 | Temple   | Reached skill level 6 in Hexes
  5476 | D:6      | You fall into a shaft and drop 3 floors!
  5512 | D:9      | Reached XP level 9. HP: 63/63 MP: 10/13
  5606 | D:9      | Reached skill level 5 in Stealth
  5777 | D:9      | Reached skill level 3 in Shields
  5777 | D:9      | Reached skill level 7 in Hexes
  5889 | D:9      | Reached skill level 6 in Short Blades
  5969 | D:9      | Reached skill level 4 in Fighting
  5969 | D:9      | Reached skill level 4 in Dodging
  6108 | D:9      | Found a staircase to the Lair.
  6117 | D:9      | Noticed a two-headed ogre
  6131 | D:9      | HP: 16/65 [two-headed ogre/+0 giant spiked club (23)]
  6135 | D:9      | Killed a two-headed ogre
  6442 | D:7      | Reached XP level 10. HP: 73/73 MP: 10/14
  6553 | D:7      | Reached skill level 8 in Hexes
  6583 | D:7      | Found Supp's Antique Armour Shoppe.
  6610 | D:7      | Found Aptouduz's General Store.
  6626 | D:7      | Found Kaixoc's Armour Shoppe.
  6634 | D:7      | Bought a +1 helmet for 126 gold pieces
  6704 | D:7      | Reached * piety under Dithmenos
  6750 | D:7      | Found Woen's Assorted Antiques.
  6758 | D:7      | Bought a yellow potion for 21 gold pieces
  6758 | D:7      | Bought a pair of faintly humming gloves for 228 gold pieces
  6758 | D:7      | Identified the +3 pair of gloves of Dim Light {-Cast Regen+
                  | Dex+3} (You bought it in a shop on level 7 of the Dungeon)
  6763 | D:7      | Found Bafrusat's Book Shop.
  6817 | D:7      | Found a shimmering altar of Xom.
  6817 | D:7      | Found a burning altar of Makhleb.
  7143 | D:7      | Reached skill level 7 in Short Blades
  7294 | D:7      | You pick up a book of Callings and begin reading...
  7294 | D:7      | You add the spells Summon Small Mammal, Call Canine
                  | Familiar and Summon Guardian Golem to your library.
  7574 | D:7      | Reached skill level 1 in Invocations
  7953 | D:6      | Reached skill level 6 in Stealth
  8479 | D:8      | Reached skill level 2 in Invocations
  8485 | D:8      | Reached skill level 5 in Fighting
  8597 | D:8      | Noticed a centaur warrior
  8601 | D:8      | Noticed a deep elf pyromancer
  8611 | D:8      | Found a transporter.
  8613 | D:8      | Noticed a manticore
  8636 | D:8      | Reached skill level 5 in Dodging
  8665 | D:8      | Reached skill level 3 in Invocations
  8793 | D:8      | Found a transporter.
  8801 | D:8      | Found a basalt altar of Yredelemnul.
  9263 | D:8      | Found Niwe Vij's Weapon Emporium.
  9389 | D:8      | Learned a level 3 spell: Tukima's Dance
  9393 | D:8      | Learned a level 3 spell: Dazzling Flash
  9640 | D:9      | Found a broken altar of Ashenzari.
  9640 | D:9      | Found an ornate altar of the Wu Jian Council.
  9649 | D:9      | Found a stormy altar of Qazlal.
  9773 | D:9      | Reached skill level 9 in Hexes
  9827 | D:9      | Reached ** piety under Dithmenos
  9930 | D:9      | Noticed a two-headed ogre
  9936 | D:9      | Killed a two-headed ogre
  9937 | D:9      | Reached skill level 8 in Short Blades
  9942 | D:9      | Gained mutation: You sometimes emit foul miasma when
                  | damaged in melee. [demonic ancestry]
  9942 | D:9      | Reached XP level 11. HP: 80/80 MP: 9/15
 10067 | Bailey   | Identified the "Dymuk"
 10067 | D:10     | Entered Level 10 of the Dungeon
 10125 | D:10     | Found a flagged portal.
 10146 | Bailey   | Entered a bailey
 10286 | Bailey   | Noticed an orc high priest
 10300 | Bailey   | Killed an orc high priest
 10301 | Bailey   | Reached skill level 4 in Invocations
 10513 | Bailey   | Found an iron altar of Okawaru.
 10513 | Bailey   | Noticed an orc high priest
 10527 | Bailey   | Killed an orc high priest
 10600 | Bailey   | You add the spells Slow and Chain Lightning to your
                  | library.
 10800 | Bailey   | Identified the "Ruduy" (You acquired it in a bailey)
 10800 | Bailey   | Acquired the +8 Vampire's Tooth {megavamp}
 10800 | Bailey   | Found the +8 Vampire's Tooth {megavamp}
 10929 | D:10     | Noticed a two-headed ogre
 10934 | D:10     | Killed a two-headed ogre
 11009 | D:10     | Reached *** piety under Dithmenos
 11016 | D:10     | Reached skill level 7 in Stealth
 11018 | D:10     | Reached skill level 6 in Fighting
 11391 | D:10     | Found a staircase to the Orcish Mines.
 11695 | D:11     | Found a runed translucent door.
 11728 | D:11     | Noticed a +2 demon whip of draining
 11729 | D:11     | Noticed a +1 demon blade of pain
 11730 | D:11     | Noticed a +2 demon trident of pain
 11888 | D:11     | Reached skill level 5 in Invocations
 11992 | D:11     | Reached skill level 10 in Hexes
 11997 | D:11     | Reached skill level 6 in Dodging
 12028 | D:11     | You pick up a book of Dreams and begin reading...
 12028 | D:11     | You add the spells Jinxbite and Anguish to your library.
 12126 | D:11     | Reached skill level 9 in Short Blades
 12131 | D:11     | Reached **** piety under Dithmenos
 12730 | D:13     | Identified the "Beniemm"
 12730 | Lair:1   | Entered Level 1 of the Lair of Beasts
 13029 | Lair:1   | Reached XP level 12. HP: 77/89 MP: 13/16
 13084 | Lair:1   | Reached skill level 6 in Invocations
 13234 | Lair:1   | You pick up a book of Debilitation and begin reading...
 13234 | Lair:1   | You add the spells Sigil of Binding and Vampiric Draining
                  | to your library.
 13711 | Lair:1   | Reached skill level 7 in Fighting
 13771 | Lair:1   | Noticed Fannar
 13858 | Lair:1   | Killed Fannar
 14067 | Lair:1   | Reached skill level 11 in Hexes
 14338 | Lair:2   | You pick up a book of Weapons and begin reading...
 14338 | Lair:2   | You add the spells Dimensional Bullseye and Iskenderun's
                  | Mystic Blast to your library.
 14348 | Lair:2   | Reached skill level 8 in Stealth
 14393 | Lair:2   | Found a hole to the Spider Nest.
 14405 | Lair:2   | Reached skill level 10 in Short Blades
 14990 | Lair:3   | Reached skill level 7 in Invocations
 15057 | Lair:3   | Found a staircase to the Swamp.
 15057 | Lair:3   | Noticed an eleionoma
 15068 | Lair:3   | Killed an eleionoma
 15133 | Lair:3   | Reached skill level 7 in Dodging
 15240 | Lair:3   | Noticed a boulder beetle
 15261 | Lair:3   | Killed a boulder beetle
 15264 | Lair:3   | Noticed a seven-headed hydra
 15277 | Lair:3   | Killed a seven-headed hydra
 16007 | Lair:3   | Gained mutation: You have very sharp fingernails. [demonic
                  | ancestry]
 16007 | Lair:3   | Reached XP level 13. HP: 98/98 MP: 18/18
 16931 | Lair:4   | Learned a level 1 spell: Slow
 16934 | Lair:4   | Learned a level 2 spell: Jinxbite
 16938 | Lair:4   | Learned a level 3 spell: Sigil of Binding
 16967 | Lair:5   | Entered Level 5 of the Lair of Beasts
 16969 | Lair:5   | Reached ***** piety under Dithmenos
 16970 | Lair:5   | Reached skill level 4 in Spellcasting
 17058 | Lair:5   | Reached skill level 8 in Invocations
 17167 | Lair:5   | Reached skill level 8 in Fighting
 17167 | Lair:5   | Reached skill level 12 in Hexes
 17297 | Lair:5   | Found a runed translucent door.
 17537 | Lair:5   | Reached skill level 11 in Short Blades
 17655 | Lair:5   | Paralysed by a hornet for 1 turns
 17668 | Lair:5   | Paralysed by a hornet for 3 turns
 17674 | Lair:5   | Reached skill level 5 in Spellcasting
 17929 | Lair:5   | Noticed Snorg
 17955 | Lair:5   | Killed Snorg
 17956 | Lair:5   | Reached skill level 9 in Stealth
 18076 | Lair:5   | Found a staircase to the Slime Pits.
 18077 | Lair:5   | Found a viscous altar of Jiyva.
 18368 | Lair:5   | Noticed a fire dragon
 18380 | Lair:5   | Killed a fire dragon
 18387 | Lair:5   | Reached skill level 8 in Dodging
 18387 | Lair:5   | Reached skill level 9 in Invocations
 18388 | Lair:5   | HP: 7/99 [poison (poison gas)]
 18393 | Lair:5   | HP: 15/99 [poison (poison gas)]
 18397 | Lair:5   | HP: 7/99 [poison (poison gas)]
 18402 | Lair:5   | HP: 4/99 [poison (poison gas)]
 18676 | Lair:5   | You pick up a book of Flames and begin reading...
 18676 | Lair:5   | You add the spells Inner Flame, Sticky Flame and Flame Wave
                  | to your library.
 18724 | Lair:5   | You pick up a book of Flames and begin reading...
 18769 | Lair:5   | Gained mutation: Spells you cast may paralyse adjacent
                  | enemies. [demonic ancestry]
 18769 | Lair:5   | Reached XP level 14. HP: 106/106 MP: 18/21
 19111 | D:12     | Noticed Frances
 19147 | D:12     | Killed Frances
 19358 | D:12     | Found a transporter.
 19360 | D:12     | Noticed othur's ghost (journeyman GrFi)
 19379 | D:12     | Noticed Nergalle
 19386 | D:12     | Killed Nergalle
 19637 | D:12     | Noticed Psyche
 19939 | D:12     | Killed Psyche
 19955 | D:12     | Reached ****** piety under Dithmenos
 20236 | D:13     | Identified the +1 falchion "Dofeh" {heavy, Str+3 Stlth-}
 20805 | D:13     | Reached skill level 13 in Hexes
 20935 | D:13     | Reached skill level 9 in Fighting
 21018 | D:13     | Found a gate to the Vaults.
 21153 | D:13     | Found a runed translucent door.
 21153 | D:13     | Noticed DEFE's ghost (journeyman DsWn)
 21156 | D:13     | Identified the staff "Suridum" {rC+ Str+3 Dex+3 Stlth- Ice}
 21412 | Orc:1    | Entered Level 1 of the Orcish Mines
 21436 | Orc:1    | Reached skill level 12 in Short Blades
 21542 | Orc:1    | Found a transporter.
 21552 | Orc:1    | Noticed a purple very ugly thing
 21584 | Orc:1    | Found a frozen archway.
 21631 | IceCv    | Entered an ice cave
 22238 | IceCv    | Reached skill level 10 in Invocations
 22408 | IceCv    | Noticed a frost giant
 22435 | IceCv    | Killed a frost giant
 22739 | Orc:1    | Found a transporter.
 22848 | Orc:1    | Noticed Josephine
 22849 | Orc:1    | Killed Josephine
 22990 | Orc:1    | Found Netrocue's Magic Scroll Emporium.
 23015 | Orc:1    | Bought a scroll of identify for 28 gold pieces
 23015 | Orc:1    | Bought a scroll of revelation for 105 gold pieces
 23039 | Orc:1    | Noticed an orc warlord
 23060 | Orc:1    | Found a one-way gate to the infinite horrors of the Abyss.
 23060 | Orc:1    | Noticed morax's ghost (journeyman MiFi)
 23164 | Orc:2    | Entered Level 2 of the Orcish Mines
 23164 | Orc:2    | Found a staircase to the Elven Halls.
 23164 | Orc:2    | Found Gemo's Assorted Antiques.
 23192 | Orc:2    | Reached skill level 10 in Stealth
 23400 | Orc:1    | Gained mutation: You frequently emit foul miasma when
                  | damaged in melee. [demonic ancestry]
 23400 | Orc:1    | Reached XP level 15. HP: 95/114 MP: 9/22
 23561 | Orc:2    | Found Eriod's Magic Scroll Emporium.
 23564 | Orc:2    | Found Anadesm's Weapon Boutique.
 23589 | Orc:2    | Reached skill level 9 in Dodging
 23631 | Orc:2    | Bought a metallic pink potion for 26 gold pieces
 23631 | Orc:2    | Bought a scroll of identify for 58 gold pieces
 23631 | Orc:2    | Bought a scroll of identify for 58 gold pieces
 23701 | Orc:2    | Found Daqal's Jewellery Boutique.
 23839 | Orc:2    | Reached skill level 14 in Hexes
 23936 | Orc:2    | Paralysed by something for 5 turns
 24039 | Orc:2    | Reached skill level 13 in Short Blades
 24086 | Orc:2    | Found Hoengouts's Magic Scroll Shop.
 24087 | Orc:2    | Found Reci's Antique Weapon Emporium.
 24087 | Orc:2    | Found Ofrig's General Store.
 24087 | Orc:2    | Found Roocon's Distillery.
 24096 | Orc:2    | Bought a potion of curing for 42 gold pieces
 24478 | Orc:2    | Reached skill level 11 in Invocations
 24650 | Orc:2    | Learned a level 4 spell: Anguish
 24970 | D:14     | Reached skill level 10 in Fighting
 25090 | D:14     | You pick up a book of Changes and begin reading...
 25090 | D:14     | You add the spells Wereblood and Irradiate to your library.
 25742 | D:15     | Entered Level 15 of the Dungeon
 26073 | D:15     | Found a burning altar of Makhleb.
 26246 | D:15     | Found a staircase to the Depths.
 26284 | D:15     | HP: 28/115 [rakshasa/+0 long sword (12)]
 26286 | D:15     | HP: 13/115 [poisoned by a redback]
 26288 | D:15     | HP: 4/115 [orc warrior/+0 trident[a glowing orange brain]
                  | (3)]
 26288 | D:15     | HP: 1/115 [basilisk[a glowing orange brain] (3)]
 26288 | D:15     | Mangled by a rakshasa

Vanquished Creatures
  Frances (D:12)
  A frost giant (IceCv)
  An eleionoma (Lair:3)
  Snorg (Lair:5)
  Josephine (Orc:1)
  A fire dragon (Lair:5)
  Fannar (Lair:1)
  A rakshasa (D:15)
  4 centaur warriors
  24 two-headed ogres
  3 hydras
  A boulder beetle (Lair:3)
  5 ogre magi
  7 death yaks (IceCv)
  5 orc high priests
  Nergalle (D:12)
  A skyshark (Lair:3)
  A swamp dragon (Lair:5)
  A deep elf archer (D:13)
  Pikel (Temple)
  A lindwurm (Lair:5)
  A deep elf pyromancer (D:12)
  11 orc knights
  8 ugly things
  3 deep elf zephyrmancers (D:13)
  2 orc sorcerers (Orc:1)
  2 manticores (D:15)
  3 cyclopes
  9 elephants
  3 black mambas
  An ice statue (IceCv)
  5 torpor snails (Lair:5)
  11 cane toads
  2 gargoyles (D:11)
  11 rime drakes
  A kobold demonologist (D:14)
  15 komodo dragons
  Psyche (D:12)
  An efreet (D:13)
  3 yaktaurs (D:13)
  5 trolls
  A meliai (Lair:2)
  4 tyrant leeches (Lair:5)
  7 polar bears
  5 blink frogs (Lair:3)
  9 hornets
  8 slime creatures
  A shadow (D:10)
  4 wyverns
  5 wraiths (Orc:1)
  3 steam dragons (Lair:5)
  44 yaks
  4 basilisks
  6 vampire mosquitoes
  3 wargs (Orc:2)
  2 acid dragons
  10 water moccasins
  2 swamp drakes
  3 ice beasts (D:6)
  29 orc warriors
  A sky beast (D:7)
  2 black bears
  23 wolves
  4 boggarts (D:14)
  27 ogres
  2 lemures (D:6)
  5 centaurs
  3 phantoms (D:4)
  4 kobold brigands
  10 bullfrogs
  4 gnoll sergeants
  A scorpion (D:6)
  13 wights
  14 killer bees
  3 electric eels (Bailey)
  4 howler monkeys
  A crimson imp (D:7)
  5 hounds
  3 jellies (Lair:5)
  14 orc priests
  A sleepcap (D:4)
  A gnoll bouda (D:7)
  17 orc wizards
  12 iguanas
  7 hell rats
  11 adders
  31 gnolls
  3 shadow imps
  14 white imps
  2 ufetubi (Temple)
  3 worms
  A dart slug (D:2)
  79 orcs
  12 endoplasms
  4 giant cockroaches
  13 goblins
  10 hobgoblins
  5 jackals (D:4)
  22 kobolds
  A quokka (D:1)
  12 ball pythons
  A bat (D:1)
  4 frilled lizards
  9 rats
729 creatures vanquished.

Vanquished Creatures (others)
  A yak (D:8)
  A basilisk (Lair:5)
  An orc warrior (Orc:2)
  A boggart (D:14)
  2 orcs
  An endoplasm (Lair:5)
7 creatures vanquished.

Grand Total: 736 creatures vanquished

Table legend:
 A = Non-vault XP
 B = Vault XP
 C = Vault XP percentage of total XP
 D = Non-vault monster count
 E = Vault monster count
 F = Vault count percentage of total count
                 A         B        C        D         E       F
            +---------+---------+-------+---------+---------+-------
      Total |   64315 |   76250 |  54.2 |     461 |     269 |  36.8
            +---------+---------+-------+---------+---------+-------
        D:1 |      32 |       0 |   0.0 |      21 |       0 |   0.0
        D:2 |      25 |       0 |   0.0 |      15 |       0 |   0.0
        D:3 |     111 |      23 |  17.2 |      25 |       2 |   7.4
        D:4 |     751 |       0 |   0.0 |      36 |       0 |   0.0
        D:5 |     269 |       0 |   0.0 |       8 |       0 |   0.0
        D:6 |    1181 |     167 |  12.4 |      22 |       9 |  29.0
        D:7 |    1196 |      46 |   3.7 |      22 |       1 |   4.3
        D:8 |    2641 |       0 |   0.0 |      23 |       0 |   0.0
        D:9 |    2994 |     900 |  23.1 |      24 |       2 |   7.7
       D:10 |    1785 |     584 |  24.7 |      18 |      21 |  53.8
       D:11 |    3131 |       0 |   0.0 |      25 |       0 |   0.0
       D:12 |    3976 |    2625 |  39.8 |      17 |       3 |  15.0
       D:13 |    2266 |    7077 |  75.7 |       4 |      17 |  81.0
       D:14 |    7126 |       0 |   0.0 |      20 |       0 |   0.0
       D:15 |    3890 |    3698 |  48.7 |      11 |       5 |  31.2
     Temple |      16 |     673 |  97.7 |       2 |       1 |  33.3
     Lair:1 |    5825 |    3341 |  36.4 |      29 |      10 |  25.6
     Lair:2 |    1377 |     499 |  26.6 |       5 |       4 |  44.4
     Lair:3 |    6731 |    1200 |  15.1 |      24 |       2 |   7.7
     Lair:4 |    2940 |    2168 |  42.4 |      10 |       6 |  37.5
     Lair:5 |    8289 |   12849 |  60.8 |      29 |      49 |  62.8
      Orc:1 |    4538 |    4327 |  48.8 |      35 |      24 |  40.7
      Orc:2 |    3225 |   20286 |  86.3 |      36 |      50 |  58.1
     Bailey |       0 |    2769 | 100.0 |       0 |      28 | 100.0
      IceCv |       0 |   13018 | 100.0 |       0 |      35 | 100.0
            +---------+---------+-------+---------+---------+-------

Skill      XL: |  1  2  3  4  5  6  7  8  9 10 11 12 13 14 15 |
---------------+----------------------------------------------+-----
Short Blades   | 1 2 3 4 5 6 8 9 10 11 12 13 | 13.4
Stealth        | 3 4 5 6 7 8 9 10 | 10.6
Ice Magic      | 1 2 3 |  3.0
Hexes          | 4 5 6 7 9 10 11 12 13 14 | 14.6
Dodging        | 2 3 4 5 6 7 8 9 |  9.5
Fighting       | 1 3 4 5 6 7 8 9 10 | 10.2
Shields        | 1 2 3 |  3.0
Spellcasting   | 3 5 |  5.0
Invocations    | 3 5 7 9 10 11 | 11.3

Action                     |  1- 3 |  4- 6 |  7- 9 | 10-12 | 13-15 || total
---------------------------+-------+-------+-------+-------+-------++-------
  Melee: Dagger            |   120 |   210 |   200 |   386 |       ||   916
         Punch             |     3 |       |       |       |       ||     3
         Unarmed           |       |       |       |    11 |       ||    11
         Quick blade       |       |       |       |   761 |  2935 ||  3696
   Cast: Ensorcelled Hiber |    12 |     9 |    43 |    73 |    49 ||   186
         Confusing Touch   |     1 |     5 |    17 |    14 |     9 ||    46
         Dazzling Flash    |       |       |       |       |     7 ||     7
         Anguish           |       |       |       |       |     2 ||     2
         Jinxbite          |       |       |       |       |     2 ||     2
         Sigil of Binding  |       |       |       |       |     1 ||     1
 Invoke: Shadow Form       |       |       |       |       |     2 ||     2
  Evoke: Wand              |       |       |     1 |     1 |       ||     2
    Use: Scroll            |     3 |    11 |     2 |    12 |     8 ||    36
         Potion            |       |       |     1 |     1 |     1 ||     3
   Stab: Sleeping          |    13 |     7 |    27 |    79 |    46 ||   172
         Confused          |     1 |     2 |    14 |    19 |     9 ||    45
         Invisible         |       |       |       |     9 |    39 ||    48
         Held in net/web   |       |       |       |     1 |       ||     1
         Distracted        |       |       |       |     1 |     7 ||     8
         Paralysed         |       |       |       |       |    17 ||    17
 Armour: Robe              |    58 |   112 |   104 |   136 |       ||   410
         Acid dragon scale |       |       |       |    92 |   573 ||   665
  Dodge: Dodged            |    52 |   130 |   142 |   664 |  1441 ||  2429
         Repelled          |       |       |       |     5 |    24 ||    29
  Block: Buckler           |       |    19 |    37 |   197 |   546 ||   799

Illustrated notes

Table legend:
 A = Kills in this place as a percentage of kills in the entire game.
 B = Kills by you in this place as a percentage of kills by you in the entire game.
 C = Kills by friends in this place as a percentage of kills by friends in the entire game.
 D = Other kills in this place as a percentage of other kills in the entire game.
 E = Experience gained in this place as a percentage of experience gained in the entire game.
 F = Experience gained in this place divided by the number of levels of this place that you have seen.
                   A       B       C       D       E      F
               +-------+-------+-------+-------+-------+----------------------
         Total | 100.0 | 100.0 |   N/A | 100.0 | 100.0 | 5622.6
       Dungeon |  48.1 |  47.9 |   N/A |  66.7 |  33.1 | 3099.6
        Temple |   0.4 |   0.4 |   N/A |   0.0 |   0.5 | 689.0
          Lair |  23.0 |  22.9 |   N/A |  33.3 |  32.2 | 9043.8
  Orcish Mines |  19.9 |  20.0 |   N/A |   0.0 |  23.0 | 16188.0
        Bailey |   3.8 |   3.9 |   N/A |   0.0 |   2.0 | 2769.0
      Ice Cave |   4.8 |   4.8 |   N/A |   0.0 |   9.3 | 13018.0
               +-------+-------+-------+-------+-------+----------------------

Table legend: (Time is in decaauts)
 A = Elapsed time spent in this place.
 B = Non-inter-level travel time spent in this place.
 C = Inter-level travel time spent in this place.
 D = Time resting spent in this place.
 E = Time spent auto-exploring this place.
 F = Levels seen in this place.
 G = Mean time per level.
                   A        B        C        D        E       F      G
               +--------+--------+--------+--------+--------+-----+--------+
         Total |  25561 |  24207 |   1354 |   1659 |  17449 |  25 | 1022.4 |
       Dungeon |  15342 |  14415 |    927 |    874 |  10740 |  15 | 1022.8 |
        Temple |    354 |    301 |     53 |    211 |     57 |   1 |  354.0 |
          Lair |   6170 |   5884 |    286 |    205 |   4521 |   5 | 1234.0 |
  Orcish Mines |   2098 |   2011 |     87 |    300 |   1084 |   2 | 1049.0 |
        Bailey |    640 |    640 |      0 |      7 |    476 |   1 |  640.0 |
      Ice Cave |    954 |    954 |      0 |     62 |    571 |   1 |  954.0 |
               +--------+--------+--------+--------+--------+-----+--------+

Top non-repeatable levels by time:
  Lair:5: 1907 daAuts
     D:7: 1622 daAuts
  Lair:1: 1392 daAuts
     D:9: 1313 daAuts
    D:11: 1273 daAuts
     D:4: 1249 daAuts
    D:12: 1166 daAuts
  Lair:3: 1131 daAuts
    D:13: 1092 daAuts
   Orc:2: 1090 daAuts
     D:3: 1089 daAuts
     D:8: 1066 daAuts
     D:2: 1061 daAuts
   Orc:1: 1007 daAuts
    D:10: 984 daAuts
